 Dungeon Crawl Stone Soup version 0.31-a0-1074-g0b22e4e0f1 (webtiles) character file.

Game seed: 1428457315236774194

975 Lobster4 the Changeling (level 8, 0/58 HPs)
             Began as a Merfolk Shapeshifter on Nov 27, 2023.
             Was a Believer of Uskayaw.
             Slain by a black bear (6 damage)
             ... on level 5 of the Dungeon.
             The game lasted 00:19:43 (5595 turns).

Lobster4 the Changeling (Merfolk Shapeshifter)      Turns: 5595, Time: 00:19:43

Health: 0/58       AC:  3    Str: 17    XL:     8   Next: 16%
Magic:  3/3        EV: 12    Int:  9    God:    Uskayaw [**....]
Gold:   80         SH:  0    Dex:  8    Spells: 9/11 levels left

rFire   . . .        b - +7 sling of the Manifold Tables {antimagic, rPois Will+ Dex-5}
rCold   + + .        (no shield)
rNeg    . . .        h - +0 leather armour
rPois   +            l - melded +0 helmet
rElec   .            (cloak currently unavailable)
rCorr   .            (gloves currently unavailable)
SInv    .            (boots currently unavailable)
Will    +....        (no amulet)
Stlth   +            s - ring of protection from cold
HPRegen 0.29/turn    z - ring of protection from cold
MPRegen 0.08/turn

%: no passive effects
@: beast-form, invisible (expiring)
A: beast (slay +3), (nimble swimmer 2), mertail
a: Begin Untransformation, Renounce Religion, Stomp, Line Pass


You were on level 5 of the Dungeon.
You worshipped Uskayaw.
Uskayaw was noncommittal.
You were a hulking beast.
You visited 1 branch of the dungeon, and saw 7 of its levels.

You collected 275 gold pieces.
You spent 195 gold pieces at shops.

Inventory:

Hand Weapons
 a - a +2 short sword of protection
 b - the +7 sling of the Manifold Tables (weapon) {antimagic, rPois Will+ Dex-5}
   (You bought it in a shop on level 6 of the Dungeon)

   Dex-5:     It affects your dexterity (-5).
   rPois:     It protects you from poison Will+: It increases your willpower.
 o - the +7 short sword of the Pyrrhic Victory {heavy, rF+ Dex+4}
   (You found it on level 2 of the Dungeon)

   Dex+4:     It affects your dexterity (+4).
   rF+:       It protects you from fire.
 t - a +0 spear
 x - a +1 short sword of draining
 E - a +0 sling of flaming
 G - a +2 dagger of venom
 H - a +0 heavy spear
Missiles
 n - a throwing net
 p - 41 stones
 D - 9 poisoned darts
 F - 6 javelins
Armour
 h - a +0 leather armour (worn)
 i - a +0 animal skin
 l - a +0 helmet (melded)
Jewellery
 s - a ring of protection from cold (left hand)
 y - a ring of see invisible
 z - a ring of protection from cold (right hand)
Talismans
 c - a beast talisman (active)
 d - a flux talisman
Wands
 I - a wand of polymorph (9)
Scrolls
 j - 2 scrolls of amnesia
 q - a scroll of teleportation
 w - a scroll of poison {unknown}
 A - a scroll of torment {unknown}
 B - a scroll of silence {unknown}
 C - a scroll of immolation
Potions
 e - 5 potions of curing
 f - a potion of degeneration {unknown}
 g - 2 potions of brilliance {unknown}
 k - a potion of attraction {unknown}
 m - a potion of mutation
 u - 2 potions of resistance {unknown}
 v - a potion of lignification


   Skills:
 - Level 3.0 Fighting
 + Level 4.2 Short Blades
 - Level 1.0 Ranged Weapons
 - Level 1.0 Throwing
 - Level 5.0 Dodging
 - Level 5.0 Unarmed Combat
 - Level 2.0 Spellcasting
 - Level 3.0 Transmutations
 - Level 3.0 Invocations
 + Level 6.0 Shapeshifting


You had 9 spell levels left.
You knew the following spells:

 Your Spells              Type           Power      Damage    Failure   Level
a - Passwall              Tmut/Erth      2%         N/A       32%         2

Your spell library contained the following spells:

 Spells                   Type           Power      Damage    Failure   Level
 Wereblood                Tmut           6%         N/A       19%         2
 Apportation              Tloc           0%         N/A       38%         1
 Necrotise                Necr           0%         1d4       38%         1
 Sandblast                Erth           0%         2d4       38%         1
 Summon Small Mammal      Summ           0%         N/A       38%         1
 Stone Arrow              Conj/Erth      0%         3d7       77%         3
 Brom's Barrelling Bould  Conj/Erth      0%         2d3       99%         4
 Irradiate                Conj/Tmut      1%         3d12      99%         5


Dungeon Overview and Level Annotations

Branches:
Dungeon (7/15)             Temple (0/1) D:4

Altars:
Ashenzari
Cheibriados
Elyvilon
Gozag
Makhleb
Nemelex Xobeh
Qazlal
Sif Muna
Uskayaw
Vehumet

Shops:
D:6 [!(

Annotations:
D:5 Menkaure, Prince Ribbit


Innate Abilities, Weirdness & Mutations

You are a hulking beast.
Your limbs bulge with bestial killing power. (Slay +3)
((You are very nimble when in or above water. (Stealth+, EV+, Speed+++)))
Your lower body shifts to a powerful aquatic tail in water.


Message History

The black bear claws you but does no damage.
The black bear barely misses you.
Fire: b) +7 sling of the Manifold Tables {antimagic, rPois Will+ Dex-5}
Press: ? - help, Q - select action, (/) - cycle Shift-Dir - straight line, f/p - black bear
Aim: a black bear (heavily wounded, unable to see you, 72% to hit)
You shoot a sling bullet.
The sling bullet closely misses the black bear.
The black bear bites you but does no damage.
The black bear closely misses you. The black bear barely misses you.
The kobold misses you.
Fire: b) +7 sling of the Manifold Tables {antimagic, rPois Will+ Dex-5}
Press: ? - help, Q - select action, (/) - cycle Shift-Dir - straight line, f/p - black bear
Aim: a black bear (heavily wounded, unable to see you, 72% to hit)
You shoot a sling bullet. The sling bullet hits the black bear.
The black bear is severely wounded.
You flicker for a moment.
The kobold misses you.
The black bear goes berserk!
The black bear closely misses you. The black bear barely misses you. x2
The kobold completely misses you.
You can now pass through a line of other dancers.
Fire: b) +7 sling of the Manifold Tables {antimagic, rPois Will+ Dex-5}
Press: ? - help, Q - select action, (/) - cycle Shift-Dir - straight line, f/p - black bear
Aim: a black bear (severely wounded, berserk, unable to see you, 72% to hit)
You shoot a sling bullet. The sling bullet hits the black bear!
The black bear is almost dead.
The black bear barely misses you. The black bear closely misses you.
The black bear barely misses you. The kobold closely misses you.
The black bear misses you. The black bear barely misses you.
The black bear misses you.
Fire: b) +7 sling of the Manifold Tables {antimagic, rPois Will+ Dex-5}
Press: ? - help, Q - select action, (/) - cycle Shift-Dir - straight line, f/p - black bear
Aim: a black bear (almost dead, berserk, unable to see you, 72% to hit)
You shoot a sling bullet.
The sling bullet barely misses the black bear.
The black bear bites you.
* * * LOW HITPOINT WARNING * * *
The black bear misses you. The black bear barely misses you.
The kobold closely misses you. The black bear completely misses you.
The black bear closely misses you. The black bear claws you.
You die...

###.#.##.#
#>.....#
########
### ..# #.#
###.###
##.....#
####..#.#.#
#......hh.#
#....#.K..#
#.........#
#..#._.#..#
#.$.......#
.....#....#
#........##
#.########


You could see a black bear (berserk, unable to see you) and a kobold (unable to
see you).

Vanquished Creatures
  A water moccasin (D:6)
  An ogre (D:4)
  A phantom (D:4)
  A bullfrog (D:6)
  A kobold brigand (D:6)
  2 scorpions
  A hound (D:5)
  A sleepcap (D:6)
  Natasha (thrice) (D:2)
  2 iguanas
  An orc wizard (D:4)
  8 gnolls
  10 adders
  4 orcs
  5 bats
  5 endoplasms
  2 giant cockroaches (D:1)
  7 goblins
  5 hobgoblins
  8 jackals
  7 quokkas
  10 ball pythons
  4 frilled lizards
  12 kobolds
  6 rats
108 creatures vanquished.

Notes
Turn   | Place    | Note
-------+----------+-------------------------------------------
     0 | D:1      | Lobster4 the Merfolk Shapeshifter began the quest for the
                  | Orb.
     0 | D:1      | Reached XP level 1. HP: 15/15 MP: 1/1
   311 | D:1      | Reached XP level 2. HP: 21/21 MP: 2/2
   964 | D:2      | Reached XP level 3. HP: 27/27 MP: 3/3
  1020 | D:2      | Identified the +7 short sword of the Pyrrhic Victory
                  | {heavy, rF+ Dex+4}
  1220 | D:2      | Reached skill level 1 in Short Blades
  1268 | D:2      | Reached XP level 4. HP: 33/33 MP: 4/4
  1431 | D:2      | Found a shimmering blue altar of Sif Muna.
  1618 | D:2      | Noticed Natasha
  1743 | D:2      | Killed Natasha
  1840 | D:2      | Reached XP level 5. HP: 29/39 MP: 5/5
  2056 | D:3      | Found a hide-covered altar of Uskayaw.
  2113 | D:3      | Learned a level 2 spell: Passwall
  2166 | D:3      | Became a worshipper of Uskayaw the Reveller
  2210 | D:3      | Reached * piety under Uskayaw
  2383 | D:3      | Found a stormy altar of Qazlal.
  2383 | D:3      | Found a burning altar of Makhleb.
  2384 | D:3      | Found a white marble altar of Elyvilon.
  2624 | D:3      | Found a broken altar of Ashenzari.
  2625 | D:3      | Found a snail-covered altar of Cheibriados.
  2876 | D:4      | Found a staircase to the Ecumenical Temple.
  2892 | D:4      | Reached ** piety under Uskayaw
  2894 | D:4      | Reached skill level 1 in Transmutations
  2894 | D:4      | Reached XP level 6. HP: 22/46 MP: 6/6
  3076 | D:4      | Reached skill level 5 in Shapeshifting
  3167 | D:4      | Reached *** piety under Uskayaw
  3175 | D:4      | Reached **** piety under Uskayaw
  3425 | D:4      | Reached skill level 1 in Spellcasting
  3425 | D:4      | Reached skill level 1 in Invocations
  3612 | D:4      | Reached XP level 7. HP: 52/52 MP: 7/9
  3720 | D:4      | You fall into a shaft and drop 3 floors!
  3796 | D:6      | Found an opulent altar of Gozag.
  3840 | D:6      | Reached skill level 5 in Dodging
  4029 | D:6      | Found Jefimm's Antique Armour Shop.
  4183 | D:6      | Found a sparkling altar of Nemelex Xobeh.
  4218 | D:6      | Reached skill level 5 in Unarmed Combat
  4421 | D:6      | Found Wesieguati's Antique Weapon Shoppe.
  4425 | D:6      | Bought an encrusted sling for 195 gold pieces
  4425 | D:6      | Identified the +7 sling of the Manifold Tables {antimagic,
                  | rPois Will+ Dex-5} (You bought it in a shop on level 6 of
                  | the Dungeon)
  4510 | D:6      | Found Oqinocsoer's Distillery.
  4642 | D:6      | Reached skill level 1 in Throwing
  4755 | D:5      | Entered Level 5 of the Dungeon
  4906 | D:5      | Reached XP level 8. HP: 52/58 MP: 3/11
  5065 | D:2      | Noticed Natasha
  5067 | D:2      | Killed Natasha
  5318 | D:2      | Found a shimmering blue altar of Sif Muna.
  5437 | D:2      | Noticed Natasha
  5441 | D:2      | Killed Natasha
  5514 | D:5      | Reached skill level 1 in Ranged Weapons
  5514 | D:5      | Reached skill level 6 in Shapeshifting
  5572 | D:5      | Noticed Menkaure
  5572 | D:5      | Noticed Prince Ribbit
  5584 | D:5      | Found a radiant altar of Vehumet.
  5595 | D:5      | Slain by a black bear

Illustrated notes

Levels and vault maps discovered:
D:1:      minmay_arrival_nine_rooms, layout_loops_cross, minmay_hedge_maze,
          minmay_tetromino_s2
D:2:      layout_basic, basic_altar, minmay_misc_feat_plants, uniq_natasha
D:3:      layout_basic, eat_drink_and_be_merry_uskayaw,
          gammafunk_temple_overflow_claw, minitemple, minmay_surrounded
D:4:      layout_loops_cross, minmay_temple_entry_wispy, serial_park_tiny_pond
D:5:      layout_basic, vehumet_altar_wand_db, uniq_menkaure, uniq_duvessa,
          uniq_prince_ribbit1, uniq_ijyb
D:6:      layout_basic, nemelex_spade_bored_becter,
          nicolae_gozag_cash_rules_everything_around_me, serial_shops,
          nicolae_shop_back_alley_shop, nicolae_shop_behind_doors, shop, shop
D:7:      layout_basic, mainiacjoe_overflow_catch_the_wave

Skill      XL: |  1  2  3  4  5  6  7  8 |
---------------+-------------------------+-----
Dodging        | 3 4 5 |  5.0
Fighting       | 2 3 |  3.0
Short Blades   | 1 2 3 4 |  4.2
Unarmed Combat | 4 5 |  5.0
Transmutations | 1 2 3 |  3.0
Shapeshifting  | 5 6 |  6.0
Spellcasting   | 1 2 |  2.0
Invocations    | 1 2 3 |  3.0
Throwing       | 1 |  1.0
Ranged Weapons | 1 |  1.0

Action                     |  1- 3 |  4- 6 |  7- 9 || total
---------------------------+-------+-------+-------++-------
  Melee: Unarmed           |    12 |       |     3 ||    15
         Short sword       |    86 |   202 |    47 ||   335
         Punch             |     2 |     8 |     2 ||    12
         Dagger            |       |       |     4 ||     4
   Fire: Sling             |       |       |    32 ||    32
  Throw: Stone             |       |    10 |     5 ||    15
         Dart              |       |       |     1 ||     1
    Use: Scroll            |       |     7 |     5 ||    12
         Potion            |       |       |     2 ||     2
   Stab: Sleeping          |     1 |       |       ||     1
         Paralysed         |       |     1 |       ||     1
 Armour: Animal skin       |     5 |       |       ||     5
         Leather armour    |    49 |    83 |    34 ||   166
         Skin              |       |       |     1 ||     1
  Dodge: Dodged            |    50 |   141 |    62 ||   253
   Form: Beast             |     2 |       |       ||     2
                           |     1 |       |       ||     1

Table legend: (Time is in decaauts)
 A = Elapsed time spent in this place.
 B = Non-inter-level travel time spent in this place.
 C = Inter-level travel time spent in this place.
 D = Time resting spent in this place.
 E = Time spent auto-exploring this place.
 F = Levels seen in this place.
 G = Mean time per level.
                   A        B        C        D        E       F      G
               +--------+--------+--------+--------+--------+-----+--------+
         Total |   5576 |   5300 |    276 |    323 |   3738 |   7 |  796.6 |
       Dungeon |   5576 |   5300 |    276 |    323 |   3738 |   7 |  796.6 |
               +--------+--------+--------+--------+--------+-----+--------+

Top non-repeatable levels by time:
     D:2: 1425 daAuts
     D:1: 1058 daAuts
     D:4: 977 daAuts
     D:6: 957 daAuts
     D:3: 947 daAuts
     D:5: 135 daAuts
     D:7: 75 daAuts
